Map: Ley Lines

Players

KimChiLoVer - Winner!

  • Race: Terran Terran
  • League: Diamond
  • Spawn Location: 7:00

VOD

Have the link to the VOD?

Description

Time

  • Played on: Aug. 22, 2025, 10:34 p.m.
  • Length: 10:07
Show
View Real Time Build Order
Export as new Build Order

KimChiLoVer Terran - Winner!

Build Orders: Reaper Expand 

Get SALT Encoding   

  12  0:02  SCV  
  12  0:14  SCV  
  12  0:17  Supply Depot  
  12  0:26  SCV  
  12  0:39  SCV  
  12  0:41  Barracks  
  12  0:45  Refinery  
  12  0:51  SCV  
  12  1:03  SCV  
  12  1:15  SCV  
  12  1:29  Orbital Command  
  12  1:30  Reaper  
  12  1:39  Command Center  
  12  1:50  Supply Depot  
  12  1:55  SCV  
  12  2:02  Marine  
  12  2:09  Factory  
  12  2:12  SCV  
  12  2:13  Refinery  
  12  2:20  Barracks  
  12  2:24  Barracks Reactor  
  12  2:28  SCV  
  12  2:39  Barracks  
  12  2:40  SCV  
  12  2:52  SCV  
  12  2:53  Factory Tech Lab  
  12  2:58  Orbital Command  
  12  3:04  SCV  
  12  3:05  Marine x2  
  12  3:17  Marine  
  12  3:21  SCV  
  12  3:24  SCV  
  12  3:35  Command Center  
  12  3:38  Marine x3  
  12  3:41  Marine  
  12  3:48  Stimpack  
  12  3:52  Factory Reactor  
  12  3:54  SCV, Starport  
  12  3:55  SCV  
  12  3:57  Marine  
  12  4:03  Engineering Bay  
  12  4:08  Engineering Bay  
  12  4:11  SCV  
  12  4:16  SCV  
  12  4:23  SCV  
  12  4:25  Marine x2  
  12  4:28  SCV  
  12  4:35  SCV  
  12  4:40  Supply Depot, Terran Infantry Weapons Level 1  
  12  4:41  Terran Infantry Armor Level 1, Factory Tech Lab  
  12  4:46  Marine, Medivac x2  
  12  4:50  Orbital Command  
  12  4:52  SCV  
  12  4:56  Marine x2  
  12  5:02  Supply Depot  
  12  5:05  SCV  
  12  5:07  SCV  
  12  5:11  Siege Tank  
  12  5:12  Marine x2  
  12  5:16  SCV  
  12  5:17  SCV  
  12  5:20  Refinery  
  12  5:27  Combat Shield  
  12  5:29  Barracks Tech Lab  
  12  5:32  Barracks  
  12  5:35  Orbital Command  
  12  5:36  SCV  
  12  5:37  Barracks  
  12  5:38  SCV, Refinery  
  12  5:48  Siege Tank  
  12  5:49  SCV  
  12  6:01  SCV  
  12  6:07  Medivac  
  12  6:11  SCV  
  12  6:12  Armory  
  12  6:13  Marine x2  
  12  6:14  SCV  
  12  6:16  SCV  
  12  6:21  Barracks  
  12  6:22  Barracks, Barracks Reactor  
  12  6:24  Concussive Shells  
  12  6:30  SCV x2, Marine x2, Supply Depot  
  12  6:32  Barracks Tech Lab  
  12  6:40  SCV  
  12  6:42  SCV x2  
  12  6:44  Marine  
  12  6:51  Command Center  
  12  6:52  Marine, Supply Depot x2, Marauder x2  
  12  6:54  SCV  
  12  7:00  Medivac  
  12  7:04  Terran Infantry Weapons Level 2  
  12  7:05  Terran Infantry Armor Level 2  
  12  7:13  Marine x3  
  12  7:14  SCV x2, Barracks Tech Lab, Barracks Reactor  
  12  7:15  Supply Depot  
  12  7:20  Barracks  
  12  7:23  Supply Depot  
  12  7:26  Marine x2, Marauder x2  
  12  7:30  SCV x2  
  12  7:31  SCV, Marine  
  12  7:36  Refinery  
  12  7:37  Marine x3  
  12  7:38  Medivac  
  12  7:42  SCV  
  12  7:43  Terran Vehicle And Ship Armor Level 1  
  12  7:44  Marine  
  12  7:47  Supply Depot  
  12  7:49  Supply Depot  
  12  7:53  Marauder  
  12  7:54  Marine x2  
  12  7:56  Marine  
  12  7:58  Marauder x2  
  12  8:00  Siege Tank  
  12  8:05  SCV x3  
  12  8:07  Planetary Fortress  
  12  8:12  Viking  
  12  8:16  Barracks Reactor  
  12  8:17  SCV  
  12  8:20  Starport  
  12  8:24  Supply Depot  
  12  8:29  Supply Depot  
  12  8:33  Refinery  
  12  8:35  SCV x3  
  12  8:41  Siege Tank  
  12  8:43  Viking x2  
  12  8:45  Marine x3, Marauder x2  
  12  8:46  Marine x2  
  12  8:47  SCV  
  12  8:51  Supply Depot  
  12  8:54  SCV  
  12  8:59  SCV x3  
  12  9:03  Marine x3, Marauder x2  
  12  9:05  Starport Reactor  
  12  9:06  SCV  
  12  9:11  Supply Depot  
  12  9:12  Supply Depot  
  12  9:16  Siege Tank  
  12  9:17  Viking x2  
  12  9:18  Marine x4  
  12  9:19  Marine  
  12  9:34  Supply Depot  
  12  9:38  Marine x4, Marauder x4  
Tags
 
Add a new tag
Caveats
  • Supply blocks, unpowered buildings, or Contaminate may cause inaccurate times.
  • Supply counts are checked every 10 seconds.